 Dungeon Crawl Stone Soup version 0.28.0-43-g3370ac3207 (webtiles) character file.

Game seed: 6949047820067063860

8 terff the Sneak (level 2, -2/19 HPs)
             Began as an Octopode Brigand on Mar 20, 2022.
             Killed from afar by a dart slug (5 damage)
             ... with a slug dart
             ... on level 4 of the Dungeon.
             The game lasted 00:01:09 (324 turns).

terff the Sneak (Octopode Brigand)                   Turns: 324, Time: 00:01:09

Health: -2/19      AC:  1    Str: 10    XL:     2   Next: 8%
Magic:  2/2        EV: 12    Int: 13    God:
Gold:   95         SH:  0    Dex: 13    Spells: 1/1 levels left

rFire   . . .      SeeInvis .   a - +2 dagger
rCold   . . .      Faith    .   (no shield)
rNeg    . . .      Spirit   .   (helmet restricted)
rPois   .          Reflect  .   (no amulet)
rElec   .          Harm     .   (no ring)
rCorr   .          Rampage  .   (no ring)
Will    .....                   (no ring)
Stlth   ++........              (no ring)
HPRegen 0.06/turn               (no ring)
MPRegen 0.08/turn               (no ring)
                                (no ring)
                                (no ring)

@: lit by a corona, glowing
A: almost no armour, amphibious, 8 rings, camouflage 1, gelatinous body 1,
(nimble swimmer 1), tentacles
a: no special abilities


You were on level 4 of the Dungeon.
You visited 1 branch of the dungeon, and saw 4 of its levels.

You collected 95 gold pieces.

Inventory:

Hand Weapons
 a - a +2 dagger (weapon)
Missiles
 b - 8 poisoned darts (quivered)
 c - 2 curare-tipped darts
Potions
 d - a potion of lignification {unknown}


   Skills:
 + Level 2.0 Fighting
 + Level 2.1 Short Blades
 + Level 2.0 Throwing
 + Level 1.0 Dodging
 + Level 5.8 Stealth


You had one spell level left.
You didn't know any spells.
Your spell library was empty.

Dungeon Overview and Level Annotations

Branches:
Dungeon (4/15)
 Temple: D:4-7

Altars:

Shops:
D:2 !

Annotations:
D:4 Dowan, Duvessa


Innate Abilities, Weirdness & Mutations

You cannot wear most types of armour.
You are amphibious.
You can wear up to eight rings at the same time.
Your skin changes colour to match your surroundings (Stealth+).
Your rubbery body absorbs attacks. (AC +1, EV +1)
((You are camouflaged when in or above water. (Stealth+)))
You have tentacles for arms and can constrict up to eight enemies at once.


Message History

The dart slug launches a dart at you. The slug dart misses you.
The slug dart hits the dart slug.
An endoplasm comes into view.
The dart slug closely misses you. The dart slug launches a dart at you.
The slug dart hits you. The dart slug launches a dart at you.
The slug dart hits you.
The endoplasm quivers.
Dowan gestures wildly while chanting.
Dowan blinks!
The endoplasm barely misses you.
You hit the endoplasm.
The endoplasm is severely wounded.
The endoplasm closely misses you.
You hit the endoplasm.
You kill the endoplasm!
There is a stone staircase leading down here.
The dart slug closely misses you.
Dowan gestures wildly while chanting.
Dowan blinks!
There is a stone staircase leading down here.
You hit Duvessa but do no damage. You grab Duvessa.
You constrict Duvessa, but do no damage.
Duvessa barely misses you.
You hit Duvessa but do no damage.
You constrict Duvessa, but do no damage.
The dart slug barely misses you. Duvessa completely misses you.
You hit Duvessa but do no damage. You constrict Duvessa.
Duvessa hits you with a +0 short sword. The dart slug bites you.
* * * LOW HITPOINT WARNING * * *
You hit Duvessa but do no damage. You squeeze Duvessa, but do no damage.
Duvessa is lightly wounded.
You constrict Duvessa. Duvessa barely misses you.
You hit Duvessa.
Duvessa is lightly wounded.
You constrict Duvessa. The dart slug launches a dart at you.
The slug dart hits you.
You die...

....## .....#
###.....#
#.......#
#.......#
#.......#
#.......#
#.......#
+.@.....#
#ew.....# .
#.......# ##.
##.####.## ...
#..### ..
#.###≈.≈≈#...
##.≈≈≈≈≈≈≈w#.
##≈≈w≈e≈≈≈≈≈≈#.
#≈≈≈≈≈≈..≈≈≈≈w.


You could see Duvessa, Dowan and a dart slug.

Vanquished Creatures
  A bat (D:3)
  An endoplasm (D:4)
  A goblin (D:3)
  2 jackals (D:3)
  A frilled lizard (D:2)
  A rat (D:3)
7 creatures vanquished.

Notes
Turn   | Place    | Note
-------+----------+-------------------------------------------
     0 | D:1      | terff the Octopode Brigand began the quest for the Orb.
     0 | D:1      | Reached XP level 1. HP: 14/14 MP: 1/1
    44 | D:2      | Found Saicuoff's Distillery.
   262 | D:3      | Reached XP level 2. HP: 16/19 MP: 2/2
   277 | D:4      | Noticed Duvessa
   277 | D:4      | Noticed Dowan
   302 | D:3      | Noticed a scorpion
   324 | D:4      | Killed from afar by a dart slug

Illustrated notes

Levels and vault maps discovered:
D:1:      roderic_crossed_star, layout_basic, serial_shops, shop_coins
D:2:      layout_basic, basic_ecumenical_altar, serial_shops, shop_coins
D:3:      layout_basic, mainiacjoe_overflow_small_starburst, st_stairs_7,
          kennysheep_generic_room_14
D:4:      kennysheep_slugbush, layout_basic, grunt_dithmenos_smoke,
          cheibrodos_worm_habitat, cheibrodos_sewer_entry_bend,
          minmay_fire_ice_demons, uniq_eustachio, uniq_sigmund, uniq_menkaure,
          uniq_duvessa

Action                   || total
-------------------------++-------
Melee: Dagger            ||    20
       Constrict         ||     3
       Tentacles         ||     2
 Stab: Sleeping          ||     2
Armor: Skin              ||     2
Dodge: Dodged            ||    20
